 Dungeon Crawl Stone Soup version 0.31-a0-210-gccc998df9b (webtiles) character file.

Game seed: 16643167630340882486

70 lunkers the Cudgeller (level 4, -3/33 HPs)
             Began as a Meteoran Wanderer on June 29, 2023.
             Killed from afar by an orc wizard (5 damage)
             ... with a magic dart
             ... on level 4 of the Dungeon.
             The game lasted 00:02:55 (984 turns).

lunkers the Cudgeller (Meteoran Wanderer)            Turns: 984, Time: 00:02:56

Health: -3/33      AC:  5    Str: 15    XL:     4   Next: 74%
Magic:  7/7        EV: 11    Int: 17    God:
Gold:   1056       SH:  5    Dex: 13    Spells: 4/5 levels left

rFire   . . .        a - +2 mace
rCold   . . .        b - +1 buckler
rNeg    . . .        e - +2 robe of the Bull {Rampage rPois Int+3}
rPois   +            (no helmet)
rElec   .            (no cloak)
rCorr   .            (no gloves)
SInv    .            f - +0 pair of boots {Fly}
Will    .....        (no amulet)
Stlth   +            i - ring of poison resistance
HPRegen 0.25/turn    (no ring)
MPRegen 0.10/turn

%: rampage
@: flying, glowing
A: sense surroundings 1, otherworldly, glowing, explore regen
a: no special abilities


You were on level 4 of the Dungeon.
You visited 1 branch of the dungeon, and saw 4 of its levels.

You collected 1438 gold pieces.
You spent 382 gold pieces at shops.

Inventory:

Hand Weapons
 a - a +2 mace (weapon)
 j - a +2 vampiric dagger
Armour
 b - a +1 buckler (worn)
 e - the +2 robe of the Bull (worn) {Rampage rPois Int+3}
   (You bought it in a shop on level 3 of the Dungeon)

   Int:       It affects your intelligence (+3).
   rPois:     It protects you from poison.
   Rampage:   It bestows one free step when moving towards enemies.
 f - a +0 pair of boots of flying (worn)
Jewellery
 i - a ring of poison resistance (left hand)
Scrolls
 c - 2 scrolls of fear
 d - a scroll of enchant armour
 h - a scroll of identify
Potions
 g - a potion of attraction
 m - a potion of brilliance


   Skills:
 + Level 5.8 Maces & Flails
 - Level 1.2 Throwing
 - Level 1.2 Dodging
 - Level 1.0 Stealth
 - Level 1.2 Shields
 - Level 1.3 Spellcasting
 - Level 2.4 Translocations
 - Level 1.2 Evocations


You had 4 spell levels left.
You knew the following spells:

 Your Spells              Type           Power      Damage    Failure   Level
p - Apportation           Tloc           18%        N/A       10%         1

Your spell library contained the following spells:

 Spells                   Type           Power      Damage    Failure   Level
 Portal Projectile        Hex/Tloc       10%        N/A       45%         3


Dungeon Overview and Level Annotations

Branches:
Dungeon (4/15) Zot: 1383
 Temple: D:4-7

Altars:

Shops:
D:3 [


Innate Abilities, Weirdness & Mutations

You passively map a small area around you.
You are easily found by Zot.
You glow in the dark.
You regain HP and MP as you explore.


Message History

The puff of flame hits you!
* * * LOW HITPOINT WARNING * * *
You are too injured to fight recklessly!
You are too injured to fight recklessly!
You closely miss the orc wizard. The orc wizard barely misses you.
Unknown command.
You closely miss the orc wizard. The orc wizard closely misses you.
Unknown command.
You closely miss the orc wizard. The orc wizard closely misses you.
Unknown command.
You barely miss the orc wizard.
The orc wizard hits you but does no damage.
Unknown command.
You hit the orc wizard.
The orc wizard is lightly wounded.
The orc wizard points at you and mumbles some strange words.
The magic dart hits you.
* * * LOW HITPOINT WARNING * * *
You thump the orc wizard!
The orc wizard is severely wounded.
The orc wizard mumbles some strange words.
The orc wizard flickers and vanishes!
Deactivating autopickup; reactivate with Ctrl-A.
The orc wizard hits you with a +0 dagger.
* * * LOW HITPOINT WARNING * * *
The orc wizard hits you with a +0 dagger.
* * * LOW HITPOINT WARNING * * *
You barely miss the orc wizard.
The orc wizard is severely wounded.
The orc wizard hits you with a +0 dagger.
* * * LOW HITPOINT WARNING * * *
You hit the orc wizard.
The orc wizard is almost dead.
The orc wizard hits you with a +0 dagger.
* * * LOW HITPOINT WARNING * * *
You closely miss the orc wizard.
The orc wizard is almost dead.
The orc wizard points at you and mumbles some strange words.
The magic dart hits you.
You die...

##............# * *
#.(........#### *
.........#.# , ,#
.........#.# .#
.......#.#.# * ..
#..........# ### .#,
#####.###### #..,
..#!# * , #...#
#.###o....# * #...#
#..@o{..# #...#
#..###.## #...#####
#..#
####...#...###..###.#
............#.......#
................##....
............#.#.# ,###
, ####...#...##.#... ,
#...######.###.. *


You could see an orc wizard and an orc.

Vanquished Creatures
  2 adders
  A worm (D:3)
  A dart slug (D:1)
  6 ball pythons
  6 endoplasms
  2 hobgoblins
  5 jackals
  A kobold (D:1)
  6 quokkas
  5 bats
  2 frilled lizards
  2 goblins
  7 rats
46 creatures vanquished.

Notes
Turn   | Place    | Note
-------+----------+-------------------------------------------
     0 | D:1      | lunkers the Meteoran Wanderer began the quest for the Orb.
     0 | D:1      | lunkers set off with the following items: a +2 mace, a +0
                  | buckler, a scroll of fear, a +0 robe; and the following
                  | spell memorised: Apportation; and the following spells
                  | available to memorise: Portal Projectile.
     0 | D:1      | Reached XP level 1. HP: 14/14 MP: 3/3
    38 | D:1      | Reached skill level 3 in Maces & Flails
    66 | D:1      | Reached XP level 2. HP: 6/20 MP: 5/5
   183 | D:1      | Reached skill level 4 in Maces & Flails
   219 | D:1      | Reached XP level 3. HP: 23/26 MP: 6/6
   391 | D:2      | Reached skill level 5 in Maces & Flails
   404 | D:2      | Reached XP level 4. HP: 28/33 MP: 7/7
   443 | D:3      | Identified a scroll of acquirement
   443 | D:3      | Acquired 1358 gold pieces
   799 | D:3      | Found Qosaohar's Antique Armour Emporium.
   804 | D:3      | Bought a slimy robe for 165 gold pieces
   804 | D:3      | Identified the +2 robe of the Bull {Rampage rPois Int+3}
                  | (You bought it in a shop on level 3 of the Dungeon)
   804 | D:3      | Bought a pair of runed boots for 217 gold pieces
   983 | D:4      | HP: 1/33 [orc wizard/+0 dagger (3)]
   984 | D:4      | Killed from afar by an orc wizard

Illustrated notes

Levels and vault maps discovered:
D:1:      sevenhm_arrival_forest_fort_small_4, layout_rooms, minmay_hexomino_f4
D:2:      layout_rooms
D:3:      layout_basic, serial_shops, shop, dk_noncrumbling_3
D:4:      layout_loops_cross, minmay_a_box_with_orc_wizards_in_it

Skill      XL: |  1  2  3 |
---------------+----------+-----
Maces & Flails | 3 4 5 |  5.8
Throwing       | |  1.2
Dodging        | |  1.2
Stealth        | |  1.0
Shields        | |  1.2
Spellcasting   | |  1.3
Translocations | |  2.4
Evocations     | |  1.2

Action                     |  1- 3 |  4- 6 || total
---------------------------+-------+-------++-------
  Melee: Mace              |    90 |    42 ||   132
    Use: Scroll            |       |     8 ||     8
 Armour: Robe              |    19 |     8 ||    27
  Dodge: Dodged            |    41 |    11 ||    52
  Block: Buckler           |    20 |     5 ||    25

Table legend: (Time is in decaauts)
 A = Elapsed time spent in this place.
 B = Non-inter-level travel time spent in this place.
 C = Inter-level travel time spent in this place.
 D = Time resting spent in this place.
 E = Time spent auto-exploring this place.
 F = Levels seen in this place.
 G = Mean time per level.
                   A        B        C        D        E       F      G
               +--------+--------+--------+--------+--------+-----+--------+
         Total |   1015 |   1008 |      7 |      0 |    664 |   4 |  253.8 |
       Dungeon |   1015 |   1008 |      7 |      0 |    664 |   4 |  253.8 |
               +--------+--------+--------+--------+--------+-----+--------+

Top non-repeatable levels by time:
     D:3: 389 daAuts
     D:1: 278 daAuts
     D:2: 187 daAuts
     D:4: 160 daAuts
